AoeStats
← ccereal

Arena

510526173Analyzed
2v2 RM · 22h ago on Oct 1, 2026· 27m 49s· 4 players
Game mode
Random Map
Map size
Medium (4 player)
Population
200
Speed
Normal
Resources
Standard
Victory
Conquest
Starting age
Dark Age
Ending age
Imperial Age
RankedLock teamsTeams togetherTeam positionsShared explorationLock speedFull tech treeHidden civsTurbo modeCheats
Victory
Defeat
🇫🇷 Britons · France
1580
+7
🇫🇷 Gurjaras · France
1522
+8
🇨🇴 Burgundians · Colombia
1367
-8
🇦🇷 Jurchens · Argentina
1323
-7
TRYHC_WRYPIG
5:49 Double-Bit Axe
10:23 Feudal Age
14:09 Castle Age
12:47 Bow Saw
16:47 Scale Barding Armor
19:24 Loom
21:18 Town Watch
Alexis
11:13 Feudal Age
15:00 Castle Age
12:50 Double-Bit Axe
14:19 Padded Archer Armor
16:16 Loom
ccereal
8:24 Feudal Age
7:36 Loom
9:17 Double-Bit Axe
15:00 Fletching
15:11 Padded Archer Armor
20:03 Castle Age
18:25 Horse Collar
19:24 Gold Mining
20:55 Wheelbarrow
20:07 Crossbowman
21:39 Bodkin Arrow
Flybidi
9:41 Feudal Age
13:54 Castle Age
25:16 Double-Bit Axe
27:36 Wheelbarrow
27:37 Bow Saw
27:11 Horse Collar
Connection lost

Rejoining the realm…

Still unreachable

The connection could not be restored.

Session expired

The server has moved on; the page needs a fresh start.